 Dungeon Crawl Stone Soup version 0.29-a0-369-gd956c00756 (webtiles) character file.

Game seed: 18084662470364958939

90 holysushi the Cutter (level 4, -2/29 HPs)
             Began as a Kobold Monk on May 1, 2022.
             Slain by a goblin
             ... wielding a +0 club
              (3 damage)
             ... on level 3 of the Dungeon.
             The game lasted 00:04:08 (2959 turns).

holysushi the Cutter (Kobold Monk)                  Turns: 2959, Time: 00:04:08

Health: -2/29      AC:  2    Str:  9    XL:     4   Next: 85%
Magic:  4/4        EV: 16    Int:  9    God:
Gold:   114        SH:  0    Dex: 19    Spells: 3/3 levels left

rFire   . . .      SeeInvis .   f - +6 short sword "Kaneissa" {freeze, rPois Will+ Str+3}
rCold   + . .      Faith    .   (no shield)
rNeg    . . .      Spirit   .   n - +0 robe {rC+}
rPois   +          Reflect  .   (no helmet)
rElec   .          Harm     .   (no cloak)
rCorr   .          Rampage  .   (no gloves)
Will    +....                   (no boots)
Stlth   +++.......              (no amulet)
HPRegen 0.09/turn               (no ring)
MPRegen 0.09/turn               (no ring)

@: flying
A: small, no large weapons, nightstalker 3, dopey 1, weak 1, evolution 1
a: no special abilities


You were on level 3 of the Dungeon.
You visited 1 branch of the dungeon, and saw 3 of its levels.

You collected 180 gold pieces.
You spent 66 gold pieces at shops.

Inventory:

Hand Weapons
 a - a +0 short sword
 f - the +6 short sword "Kaneissa" (weapon) {freeze, rPois Will+ Str+3}
   (You took it off a kobold on level 2 of the Dungeon)

   It freezes those it strikes, dealing additional cold damage.
   It can also slow down cold-blooded creatures.
   Str:       It affects your strength (+3).
   rPois:     It protects you from poison.
   Will:      It increases your willpower.
 o - the +11 mace "Zammu" {holy, rElec rCorr Stlth+}
   (You found it on level 3 of the Dungeon)

   It has been blessed by the Shining One to cause great damage to the undead
   and demons.
   rElec:     It insulates you from electricity.
   rCorr:     It protects you from acid and corrosion.
   Stlth:     It makes you more stealthy.
Armour
 n - a +0 robe of cold resistance (worn)
Scrolls
 d - 4 scrolls of identify {unknown}
 e - 2 scrolls of vulnerability {unknown}
 g - a scroll of immolation {unknown}
 h - a scroll of silence {unknown}
 j - 2 scrolls of noise {unknown}
 k - a scroll of magic mapping {unknown}
 l - a scroll of teleportation {unknown}
 q - a scroll of fear {unknown}
Potions
 c - a potion of ambrosia
 m - a potion of attraction


   Skills:
 + Level 4.2 Fighting
 * Level 6.1 Short Blades
 - Level 3.6 Dodging
 - Level 2.6 Stealth


You had 3 spell levels left.
You didn't know any spells.
Your spell library was empty.

Dungeon Overview and Level Annotations

Branches:
Dungeon (3/15)

Altars:
Xom

Shops:
D:2 [


Innate Abilities, Weirdness & Mutations

You are small and have problems with some larger weapons.
You are completely attuned to the shadows.
You are dopey. (Int -2)
You are weak. (Str -2)
You have hidden genetic potential.


Message History

An iguana, a bat, a kobold and a goblin come into view.
The kobold is wielding a +1 short sword of venom.
There are monsters nearby!
An orc comes into view. It is wielding a +0 hand axe.
The iguana hisses angrily.
The kobold shouts!
You hear an angry hiss.
The goblin shouts!
There is an open door here.
You barely miss the kobold.
The orc shouts!
The kobold barely misses you.
The iguana hisses menacingly.
The bat barely misses you.
You hit the kobold. You freeze the kobold.
You kill the kobold!
The bat misses you.
You closely miss the iguana. The iguana closely misses you.
The goblin misses you.
You closely miss the iguana. You closely miss the iguana. The iguana bites you!
The goblin hits you with a +0 club.
An adder comes into view.
The adder hisses angrily.
You are too injured to fight recklessly!
You are too injured to fight recklessly!
The iguana attacks as you move away! The iguana bites you!
* * * LOW HITPOINT WARNING * * *
It was a potion of flight.
You feel very buoyant.
You fly up into the air.
The goblin hits you with a +0 club.
* * * LOW HITPOINT WARNING * * *
It was a potion of mutation.
You feel extremely strange.
You feel stupid.
You feel weaker.
You feel a hidden potential growing inside you.
The goblin closely misses you.
Press: ? - help, v - describe, . - travel
Here: a bat The floor.
It was a potion of magic.
Magic courses through your body. The goblin hits you with a +0 club.
You die...

##...###
##...>.##
##.......# #.
#..###.........
..#
#...#.'.......).
#.#
...####.........
#.l#b.#
##.......#
##+##g##+#
##.....##
#....@....
##...##
#.8..8..8. ##'##
#......... #.#
#####'#### #.#
#..# #######.####
##.# #..........#
#.# #.###.......
#.####.####...###
#........###.##


You could see an iguana, a goblin and a bat.

Vanquished Creatures
  An adder (D:3)
  2 worms
  A dart slug (D:1)
  3 ball pythons
  5 endoplasms
  3 giant cockroaches
  6 goblins
  7 hobgoblins
  4 quokkas
  9 bats
  6 frilled lizards
  14 kobolds
  8 rats
69 creatures vanquished.

Notes
Turn   | Place    | Note
-------+----------+-------------------------------------------
     0 | D:1      | holysushi the Kobold Monk began the quest for the Orb.
     0 | D:1      | Reached XP level 1. HP: 14/14 MP: 1/1
    87 | D:1      | Reached XP level 2. HP: 7/19 MP: 2/2
   587 | D:1      | Reached XP level 3. HP: 24/24 MP: 3/3
   607 | D:1      | Found a faded altar of an unknown god.
   649 | D:1      | Reached skill level 5 in Short Blades
  1235 | D:2      | Found Xionafi's Antique Armour Shoppe.
  1509 | D:2      | Identified the +6 short sword "Kaneissa" {freeze, rPois
                  | Will+ Str+3}
  1588 | D:2      | Reached XP level 4. HP: 29/29 MP: 4/4
  1621 | D:2      | Found a shimmering altar of Xom.
  2174 | D:2      | Bought a runed robe for 66 gold pieces
  2344 | D:3      | Reached skill level 6 in Short Blades
  2797 | D:3      | Identified the +11 mace "Zammu" {holy, rElec rCorr Stlth+}
  2957 | D:3      | HP: 1/29 [goblin/+0 club (4)]
  2958 | D:3      | Gained mutation: You are dopey. (Int -2) [potion of
                  | mutation]
  2958 | D:3      | Gained mutation: You are weak. (Str -2) [potion of
                  | mutation]
  2958 | D:3      | Gained mutation: You have hidden genetic potential. [potion
                  | of mutation]
  2959 | D:3      | Slain by a goblin

Illustrated notes

Levels and vault maps discovered:
D:1:      dpeg_arrival_simpleton_c, layout_loops_ring,
          ebering_ecumenical_altar_box, minmay_misc_feat_room,
          minmay_lizard_pond
D:2:      wander_river, layout_loops_ring, basic_altar, serial_shops,
          nicolae_diamond_shop, patterned_corridor
D:3:      minmay_chambers_of_threes, layout_loops_corners, minmay_between

Skill      XL: |  1  2  3  4 |
---------------+-------------+-----
Short Blades   | 5 6 |  6.1
Fighting       | 4 |  4.2
Dodging        | |  3.6
Stealth        | |  2.6

Action                   |  1- 3 |  4- 6 || total
-------------------------+-------+-------++-------
Melee: Short sword       |    89 |    40 ||   129
  Use: Potion            |     2 |     3 ||     5
 Stab: Sleeping          |    15 |    10 ||    25
Armor: Robe              |    11 |       ||    11
Dodge: Dodged            |    68 |    24 ||    92

Table legend: (Time is in decaauts)
 A = Elapsed time spent in this place.
 B = Non-inter-level travel time spent in this place.
 C = Inter-level travel time spent in this place.
 D = Time resting spent in this place.
 E = Time spent auto-exploring this place.
 F = Levels seen in this place.
 G = Mean time per level.
                   A        B        C        D        E       F      G
               +--------+--------+--------+--------+--------+-----+--------+
         Total |   2963 |   2846 |    117 |    457 |   1888 |   3 |  987.7 |
       Dungeon |   2963 |   2846 |    117 |    457 |   1888 |   3 |  987.7 |
               +--------+--------+--------+--------+--------+-----+--------+

Top non-repeatable levels by time:
     D:1: 1139 daAuts
     D:2: 1076 daAuts
     D:3: 747 daAuts
